 Dungeon Crawl Stone Soup version 0.21.1-1-g345015f (webtiles) character file.

67 Mgcat the Covered (level 4, -9/38 HPs)
             Began as a Gnoll Wanderer on Feb 7, 2018.
             Mangled by an orc
             ... wielding a +0 war axe
              (12 damage)
             ... on level 3 of the Dungeon.
             The game lasted 00:05:15 (2105 turns).

Mgcat the Covered (Gnoll Wanderer)                  Turns: 2105, Time: 00:05:16

Health: -9/38      AC:  3    Str: 15    XL:     4   Next: 18%
Magic:  6/6        EV: 11    Int: 12    God:
Gold:   123        SH:  2    Dex: 17    Spells: 4/5 levels left

rFire    . . .     SeeInvis .   c - +0 spear
rCold    . . .     Gourm    .   (no shield)
rNeg     . . .     Faith    .   i - +0 leather armour
rPois    .         Spirit   .   (no helmet)
rElec    .         Reflect  +   (no cloak)
rCorr    .         Harm     .   (no gloves)
MR       .....                  (no boots)
Stlth    ++........             p - +2 amulet of reflection
HPRegen  0.12/turn              (no ring)
MPRegen  0.10/turn              (no ring)

@: no status effects
A: distributed training, fangs 1, strong nose
a: no special abilities


You were on level 3 of the Dungeon.
You were hungry.

You visited 1 branch of the dungeon, and saw 3 of its levels.

You collected 123 gold pieces.

Inventory:

Hand Weapons
 c - a +0 spear (weapon)
Armour
 a - a +2 scale mail
 i - a +0 leather armour (worn)
   (You found it on level 1 of the Dungeon)
Jewellery
 p - a +2 amulet of reflection (around neck)
   (You found it on level 2 of the Dungeon)
Scrolls
 f - a scroll of random uselessness {unknown}
 g - a scroll of fog
 h - 2 scrolls of amnesia {unknown}
 j - a scroll of blinking {unknown}
 n - a scroll of fear {unknown}
 o - a scroll of remove curse {unknown}
 r - a scroll of immolation {unknown}
Potions
 e - 3 potions of curing {unknown}
 k - 2 potions of heal wounds {unknown}
 l - 2 potions of berserk rage {!q}
 m - 2 potions of degeneration {unknown}
Books
 b - the Incunabulum of the Escort

   Spells                             Type                      Level
   a - Summon Small Mammal            Summoning                    1
   b - Recall                         Summoning/Translocation      3
Comestibles
 d - 3 rations
 q - 2 chunks of flesh {@w0}


   Skills:
 + Level 4.6 Fighting
 + Level 1.0 Short Blades
 + Level 1.0 Long Blades
 + Level 1.0 Axes
 + Level 1.0 Maces & Flails
 + Level 1.0 Polearms
 + Level 1.0 Staves
 + Level 1.0 Slings
 + Level 1.0 Bows
 + Level 1.0 Crossbows
 + Level 1.0 Throwing
 + Level 6.6 Armour
 + Level 1.0 Dodging
 + Level 1.0 Stealth
 + Level 2.7 Shields
 + Level 1.0 Unarmed Combat
 + Level 1.0 Spellcasting
 + Level 0.8 Conjurations
 + Level 3.8 Hexes
 + Level 0.8 Charms
 + Level 0.8 Summonings
 + Level 0.8 Necromancy
 + Level 0.8 Translocations
 + Level 0.8 Transmutations
 + Level 0.8 Fire Magic
 + Level 2.2 Ice Magic
 + Level 0.8 Air Magic
 + Level 0.8 Earth Magic
 + Level 0.8 Poison Magic
 + Level 1.1 Invocations
 + Level 2.7 Evocations


You had 4 spell levels left.
You knew the following spells:

 Your Spells              Type           Power        Failure   Level  Hunger
a - Summon Small Mammal   Summ           #...         26%         1    ##.....


Dungeon Overview and Level Annotations

Branches:
Dungeon (3/15)

Altars:
Cheibriados

Annotations:
D:3 Quirk's ghost, amateur GnFi


Innate Abilities, Weirdness & Mutations

Your experience applies equally to all skills.
You have very sharp teeth.
Your uncanny sense of smell can sniff out nearby items.


Message History

The orc misses your bat.
Your bat barely misses the orc.
The rat twitches its whiskers.
Attack whom?
Press: ? - help, Dir - move target cursor, f/p - orc
Aim: an orc, wielding a war axe and wearing a ring mail You could not reach far enough!
Your bat hits the orc but does no damage.
Your bat barely misses the orc.
Your bat hits the orc but does no damage.
The orc barely misses your bat.
Your bat closely misses the orc.
Attack whom?
Press: ? - help, Dir - move target cursor, f/p - orc
Aim: an orc, wielding a war axe and wearing a ring mail You could not reach far enough!
Your bat hits the orc. The orc hits your bat with a war axe!
Your bat dies!
Your bat's corpse disappears in a puff of smoke!
An orc comes into view.
Attack whom?
Press: ? - help, Dir - move target cursor, f/p - orc
Aim: an orc, wielding a war axe and wearing a ring mail (lightly wounded)
You reach to attack!
You hit the orc but do no damage.
The orc is lightly wounded.
The orc moves out of view.
Casting: Summon Small Mammal
Confirm with . or Enter, or press ? or * to list all spells.
The orc closely misses your bat. The orc barely misses you.
The orc misses your bat.
You hit the orc but do no damage.
The orc is lightly wounded.
Your bat hits the orc but does no damage. x2
The orc completely misses your bat. The orc hits you with a war axe!
The orc completely misses your bat.
Your bat hits the orc but does no damage.
You are too injured to fight recklessly!
You are too injured to fight recklessly!
You barely miss the orc.
The orc is lightly wounded.
Your bat hits the orc but does no damage. x2
The orc hits your bat with a short sword.
Your bat dies!
Your bat's corpse disappears in a puff of smoke!
The orc hits you but does no damage.
You barely miss the orc.
The orc is lightly wounded.
The orc hits you with a war axe!
You swap places.
Your bat hits the orc but does no damage.
Evoke which item? (* to show all) (? for menu, Esc to quit)
Attack whom?
Press: ? - help, Dir - move target cursor, f/p - orc
Aim: an orc, wielding a war axe and wearing a ring mail (lightly wounded)
You could not reach far enough!
Your bat barely misses the orc.
The orc closely misses your bat.
Your bat closely misses the orc.
Evoke which item? (* to show all) (? for menu, Esc to quit)
Attack whom?
Press: ? - help, Dir - move target cursor, f/p - orc
Aim: an orc, wielding a war axe and wearing a ring mail (lightly wounded)
You could not reach far enough!
Your bat misses the orc. The orc hits your bat with a war axe!
Your bat dies!
Your bat's corpse disappears in a puff of smoke!
Evoke which item? (* to show all) (? for menu, Esc to quit)
Attack whom?
Press: ? - help, Dir - move target cursor, f/p - orc
Aim: an orc, wielding a war axe and wearing a ring mail (lightly wounded)
You reach to attack!
You completely miss the orc.
The orc is lightly wounded.
Your magical contamination has completely faded away.
A rat comes into view.
A hobgoblin comes into view.
The rat bites you.
You hit the rat.
The rat is heavily wounded.
The orc barely misses you. The rat barely misses you.
You barely miss the rat.
The rat is heavily wounded.
The orc hits you with a war axe! The rat misses you.
You hit the rat.
You kill the rat!
The hobgoblin shouts!
The orc hits you with a war axe.
* * * LOW HITPOINT WARNING * * *
A quokka comes into view.
An orc comes into view. It is wielding a mace.
As you read the scroll labeled HOCURU ISUDEW, it crumbles to dust.
You feel aware of your surroundings.
You sensed 3 altars.
It was a scroll of magic mapping.
The orc shouts!
As you read the scroll labeled HOFOMP QYNLIK, it crumbles to dust.
It is a scroll of identify.
l - 2 potions of berserk rage The orc hits you with a war axe.
* * * LOW HITPOINT WARNING * * *
The hobgoblin hits you.
* * * LOW HITPOINT WARNING * * *
As you read the scroll labeled JUH GUEGEROTZ, it crumbles to dust.
The scroll dissolves into smoke.
It was a scroll of fog.
The orc hits you with a war axe!
You die...

#r# **,* **,,,*** #o#
**,** *∆,,,** #.# *,,*
*,∆,,,* * #.# *>**
*,,,,** * #.# ***
**,,*,* ** #.# ******
**, #.## **,,
#..############******,,*
##.oroo@gro....,,,,,,,,*
###########...,,,,,,,,,
*,*********,*
*,,,,,,,,,,,*
*************


You could see 2 orcs, a quokka and a hobgoblin.

Vanquished Creatures
  An adder (D:2)
  3 worms
  2 leopard geckos (D:1)
  A giant cockroach (D:2)
  6 goblins
  3 hobgoblins
  5 jackals
  3 kobolds
  4 quokkas
  A ball python (D:3)
  5 bats
  A frilled lizard (D:1)
  5 rats
40 creatures vanquished.

Vanquished Creatures (collateral kills)
  A worm (D:2)
  A hobgoblin (D:1)
  A ball python (D:2)
  A bat (D:2)
  A frilled lizard (D:2)
  2 goblins
7 creatures vanquished.

Grand Total: 47 creatures vanquished

Notes
Turn   | Place    | Note
-------+----------+-------------------------------------------
     0 | D:1      | Mgcat the Gnoll Wanderer began the quest for the Orb.
     0 | D:1      | Mgcat set off with: a +2 scale mail, the Incunabulum of the Escort, a +0 spear, a ration
     0 | D:1      | Reached XP level 1. HP: 20/20 MP: 2/2
     0 | D:1      | Identified the Incunabulum of the Escort
    87 | D:1      | Reached skill level 2 in Ice Magic
   103 | D:1      | Reached XP level 2. HP: 21/26 MP: 3/3
   106 | D:1      | Learned a level 1 spell: Summon Small Mammal
   674 | D:2      | Reached XP level 3. HP: 20/31 MP: 1/4
  1055 | D:2      | Reached skill level 1 in Invocations
  1405 | D:2      | Reached skill level 1 in Short Blades
  1405 | D:2      | Reached skill level 1 in Long Blades
  1405 | D:2      | Reached skill level 1 in Axes
  1405 | D:2      | Reached skill level 1 in Maces & Flails
  1405 | D:2      | Reached skill level 1 in Polearms
  1405 | D:2      | Reached skill level 1 in Staves
  1405 | D:2      | Reached skill level 1 in Slings
  1405 | D:2      | Reached skill level 1 in Bows
  1405 | D:2      | Reached skill level 1 in Crossbows
  1405 | D:2      | Reached skill level 1 in Throwing
  1405 | D:2      | Reached skill level 1 in Dodging
  1405 | D:2      | Reached skill level 1 in Stealth
  1405 | D:2      | Reached skill level 1 in Unarmed Combat
  1405 | D:2      | Reached skill level 1 in Spellcasting
  1533 | D:2      | Reached XP level 4. HP: 36/38 MP: 6/6
  1695 | D:2      | Found a snail-covered altar of Cheibriados.
  1832 | D:3      | Noticed Quirk's ghost (amateur GnFi)
  2100 | D:3      | HP: 7/38 [orc/war axe (6)]
  2104 | D:3      | HP: 3/38 [hobgoblin (2)]
  2105 | D:3      | Mangled by an orc

Skill      XL: |  1  2  3 |
---------------+----------+-----
Ice Magic      | 2 |  2.2
Invocations    | 1 |  1.1
Short Blades   | 1 |  1.0
Long Blades    | 1 |  1.0
Axes           | 1 |  1.0
Maces & Flails | 1 |  1.0
Polearms       | 1 |  1.0
Staves         | 1 |  1.0
Slings         | 1 |  1.0
Bows           | 1 |  1.0
Crossbows      | 1 |  1.0
Throwing       | 1 |  1.0
Dodging        | 1 |  1.0
Stealth        | 1 |  1.0
Unarmed Combat | 1 |  1.0
Spellcasting   | 1 |  1.0
Fighting       | |  4.6
Armour         | |  6.6
Shields        | |  2.7
Conjurations   | |  0.8
Hexes          | |  3.8
Charms         | |  0.8
Summonings     | |  0.8
Necromancy     | |  0.8
Translocations | |  0.8
Transmutations | |  0.8
Fire Magic     | |  0.8
Air Magic      | |  0.8
Earth Magic    | |  0.8
Poison Magic   | |  0.8
Evocations     | |  2.7

Action                   |  1- 3 |  4- 6 || total
-------------------------+-------+-------++-------
Melee: Spear             |   148 |    33 ||   181
       Bite              |    14 |     1 ||    15
 Cast: Summon Small Mamm |    19 |     8 ||    27
  Use: Scroll            |       |     3 ||     3
 Stab: Sleeping          |     1 |     1 ||     2
  Eat: Chunk             |     3 |     2 ||     5
Armor: Scale mail        |    27 |       ||    27
       Leather armour    |    25 |     2 ||    27
Dodge: Dodged            |    75 |    13 ||    88
Block: Other             |     2 |       ||     2

Vault maps used:
D:1:      minmay_arrival_solitary_statue
D:2:      lemuel_round_altar, first_ration
D:3:      kb_forest_paths, nicolae_overflow_hidden_temple

Table legend:
 A = Turns spent in this place as a percentage of turns spent in the entire game.
 B = Non-inter-level travel turns spent in this place as a percentage of non-inter-level travel turns spent in the entire game.
 C = Inter-level travel turns spent in this place as a percentage of turns spent in this place.
 D = Turns resting spent in this place as a percentage of non-inter-level travel turns spent in this place.
 E = Turns spent auto-exploring this place as a percentage of non-inter-level travel turns spent in this place.
 F = Non-inter-level travel turns spent in this place divided by the number of levels of this place that you've seen.
                   A       B       C       D       E      F
               +-------+-------+-------+-------+-------+----------------------
         Total | 100.0 | 100.0 |   4.4 |   1.4 |  76.6 | 670.7
       Dungeon | 100.0 | 100.0 |   4.4 |   1.4 |  76.6 | 670.7
               +-------+-------+-------+-------+-------+----------------------

Table legend:
 A = Kills in this place as a percentage of kills in entire the game.
 B = Kills by you in this place as a percentage of kills by you in the entire game.
 C = Kills by friends in this place as a percentage of kills by friends in the entire game.
 D = Other kills in this place as a percentage of other kills in the entire game.
 E = Experience gained in this place as a percentage of experience gained in the entire game.
 F = Experience gained in this place divided by the number of levels of this place that you have seen.
                   A       B       C       D       E      F
               +-------+-------+-------+-------+-------+----------------------
         Total | 100.0 | 100.0 | 100.0 |   N/A | 100.0 |  32.3
       Dungeon | 100.0 | 100.0 | 100.0 |   N/A | 100.0 |  32.3
               +-------+-------+-------+-------+-------+----------------------
